[Event "Titled Tuesday Blitz June 20 Late 2023"]
[White "Ladan, Nicholas"]
[Black "Vlassov, Nikolai"]
[WhiteFideId "30918855"]
[BlackFideId "4103360"]
[WhiteElo "2167"]
[BlackElo "2324"]
[Result "0-1"]
[Round "8"]
[TimeControl "180+2"]
[Date "2023.06.20"]
[WhiteClock "0:00:05"]
[BlackClock "0:00:11"]
[Board "80"]

1. e3 Nf6 2. b3 c5 3. Bb2 b6 4. Qf3 Nc6 5. e4 e5 6. Bb5 Bd6 7. Ne2 Bb7 8. Bxc6 Bxc6 9. Nbc3 O-O 10. Ng3 g6 11. O-O-O a5 12. a4 Rb8 13. h4 h5 14. Nd5 Kg7 15. Nxf6 Qxf6 16. Qxf6+ Kxf6 17. f4 b5 18. Rhf1 Ke6 19. axb5 Bxb5 20. f5+ Ke7 21. d3 a4 22. bxa4 Bxa4 23. Bc3 Rfc8 24. Kd2 c4 25. Ra1 Bb5 26. Ra5 cxd3 27. cxd3 Bc6 28. Bxe5 Bb4+ 29. Bc3 Bxa5 30. Bxa5 Rb2+ 31. Ke3 Rxg2 32. Kf3 Rh2 33. Bb4+ Ke8 34. fxg6 fxg6 35. Ke3 d5 36. Bd6 dxe4 37. dxe4 Rxh4 38. e5 Kd7 39. Ne2 Re4+ 40. Kd3 Ra4 41. Nd4 Bd5 42. Rf6 Ra1 43. Rxg6 Rd1+ 44. Ke3 Rc3+ 45. Ke2 Rxd4 46. Rg7+ Ke6 47. Rg6+ Kf5 48. Rf6+ Ke4 49. Rg6 Bc4+ 50. Kf2 Rc2+ 51. Ke1 Re2+ 52. Kf1 Rd1# 0-1


[Site "https://www.chess.com"]

[Event "Titled Tuesday Blitz June 20 Late 2023"]
[White "Mazurkiewicz, Michal"]
[Black "Janaszak, Dawid"]
[WhiteFideId "1124943"]
[BlackFideId "1119206"]
[WhiteElo "2063"]
[BlackElo "2220"]
[Result "1-0"]
[Round "8"]
[TimeControl "180+2"]
[Date "2023.06.20"]
[WhiteClock "0:00:07"]
[BlackClock "0:00:02"]
[Board "81"]

1. e4 c6 2. d3 d5 3. Nd2 g6 4. Ngf3 Bg7 5. g3 e5 6. Bg2 Ne7 7. O-O O-O 8. c3 f5 9. Re1 dxe4 10. dxe4 f4 11. Nc4 fxg3 12. hxg3 Qxd1 13. Rxd1 Bg4 14. Rd3 Nd7 15. Bg5 Rfe8 16. Nd6 Nc5 17. Re3 Red8 18. Bxe7 Rd7 19. Nf5 Bxf3 20. Bxf3 Na6 21. Ba3 gxf5 22. exf5 Nc7 23. g4 Nb5 24. g5 Nxa3 25. bxa3 Re8 26. Rae1 Bf8 27. Rxe5 Rxe5 28. Rxe5 Kf7 29. Bh5+ Kg8 30. f6 Rd5 31. f4 Bxa3 32. Re8+ Bf8 33. Bg4 Kf7 34. Re4 Bc5+ 35. Kg2 Rd2+ 36. Kh3 Rd8 37. Bh5+ Kf8 38. f5 Bd6 39. g6 hxg6 40. fxg6 b5 41. g7+ Kg8 42. Bg4 Kf7 43. Be6+ Kxf6 44. g8=Q Rxg8 45. Bxg8 Be5 46. c4 b4 47. c5 a5 48. Bb3 Kf5 49. Bc2 Kf6 50. Ba4 Ke6 51. Bxc6 Kf5 52. Kg2 a4 53. Kf3 b3 54. axb3 axb3 55. Rb4 b2 56. Be4+ Kf6 57. Rb6+ Ke7 58. Ke3 Bf6 59. Kd3 Be5 60. Kc4 Kd7 61. Kd5 Bc3 62. Rb7+ Kc8 63. c6 1-0


[Site "https://www.chess.com"]

[Event "Titled Tuesday Blitz June 20 Late 2023"]
[White "Bogaudinov, Rushan"]
[Black "brm72"]
[WhiteFideId "4129288"]
[WhiteElo "1967"]
[BlackElo "2559"]
[Result "0-1"]
[Round "8"]
[TimeControl "180+2"]
[Date "2023.06.20"]
[WhiteClock "0:00:08"]
[BlackClock "0:01:03"]
[Board "82"]

1. c4 c5 2. Nc3 Nc6 3. g3 g6 4. Bg2 Bg7 5. Nf3 e5 6. d3 d6 7. O-O Nge7 8. a3 a5 9. Rb1 h6 10. Nd5 Be6 11. e4 Rb8 12. Bd2 O-O 13. b4 axb4 14. axb4 cxb4 15. Bxb4 b5 16. Nxe7+ Nxe7 17. Nd2 Nc6 18. Re1 bxc4 19. Qa4 Nxb4 20. Rxb4 Rxb4 21. Qxb4 cxd3 22. Qc3 Qb6 23. Qxd3 Rc8 24. Nf1 h5 25. h3 Bh6 26. Ne3 h4 27. gxh4 Bf4 28. Nd5 Bxd5 29. exd5 Kg7 30. Rb1 Qa7 31. Bf3 f5 32. h5 e4 33. Bxe4 fxe4 34. Qxe4 Qf7 35. hxg6 Qxg6+ 36. Qxg6+ Kxg6 37. Kg2 Rc3 38. Re1 Be5 39. Rd1 Kf5 40. Rd2 Ke4 41. h4 Kf5 42. Rd1 Kg4 43. Rh1 Kh5 44. Rh3 Rc5 45. Rf3 Kxh4 46. Rd3 Kg4 47. Kf1 Rc3 48. Rd1 Kf3 49. Re1 Bf4 50. Rd1 Rc1 51. Ke1 Rxd1+ 52. Kxd1 Kxf2 53. Kc2 Ke3 54. Kc3 Ke4 55. Kc4 Be5 0-1


[Site "https://www.chess.com"]

[Event "Titled Tuesday Blitz June 20 Late 2023"]
[White "Perez, Maximiliano"]
[Black "Stachanczyk, Jacek"]
[WhiteFideId "117234"]
[BlackFideId "1116657"]
[WhiteElo "2334"]
[BlackElo "2084"]
[Result "0-1"]
[Round "8"]
[TimeControl "180+2"]
[Date "2023.06.20"]
[WhiteClock "0:01:26"]
[BlackClock "0:00:55"]
[Board "83"]

1. e4 c5 2. Nf3 d6 3. d4 cxd4 4. Nxd4 Nf6 5. Nc3 g6 6. Be3 Bg7 7. f3 O-O 8. Qd2 Nc6 9. g4 Be6 10. Nxe6 fxe6 11. O-O-O Ne5 12. Be2 Qc8 13. Bh6 Nc4 14. Bxc4 Qxc4 15. h4 Nd7 16. h5 Bxc3 17. bxc3 Qxa2 18. Qg5 Ne5 19. Qxe7 Rf7 20. Qg5 Nxf3 21. Qb5 Rc8 22. hxg6 hxg6 23. Be3 Qa1+ 24. Qb1 Qxc3 25. Bf2 Rfc7 26. Bxa7 Qa3+ 0-1


[Site "https://www.chess.com"]

[Event "Titled Tuesday Blitz June 20 Late 2023"]
[White "Mikhalsky, Vladimir"]
[Black "Shapiro, Viktor"]
[WhiteFideId "14144352"]
[BlackFideId "4175700"]
[WhiteElo "2236"]
[BlackElo "2212"]
[Result "1/2-1/2"]
[Round "8"]
[TimeControl "180+2"]
[Date "2023.06.20"]
[WhiteClock "0:00:20"]
[BlackClock "0:00:54"]
[Board "84"]

1. c4 Nf6 2. Nc3 c5 3. Nf3 Nc6 4. d4 cxd4 5. Nxd4 d6 6. e4 e6 7. Be2 Bd7 8. Be3 a6 9. O-O Rc8 10. Rc1 Be7 11. f3 O-O 12. Kh1 Re8 13. Qd2 Qa5 14. b3 Kh8 15. Rfd1 Ne5 16. f4 Ng6 17. Rf1 b5 18. cxb5 axb5 19. Bxb5 Bxb5 20. Ndxb5 Nxe4 21. Nxe4 Qxb5 22. Nxd6 Bxd6 23. Qxd6 Rc2 24. Rxc2 Qxf1+ 25. Bg1 h5 26. Qd7 Rf8 27. Rf2 Qb1 28. f5 exf5 29. Qxf5 Qd1 30. Rf1 Qe2 31. Rf2 Qd1 32. Qf3 Rd8 33. Qxf7 Ne5 34. Qe7 Ng4 35. Rf8+ Rxf8 36. Qxf8+ Kh7 37. Qf5+ Kg8 38. h3 Nf6 39. Qe6+ Kh7 40. a4 Qc2 41. a5 Ne4 42. Qf5+ Kg8 43. Qd5+ Kf8 44. a6 Ng3+ 45. Kh2 Nf1+ 46. Kh1 Ng3+ 47. Kh2 Nf1+ 48. Kh1 Ng3+ 1/2-1/2


[Site "https://www.chess.com"]

[Event "Titled Tuesday Blitz June 20 Late 2023"]
[White "whiteglovethief"]
[Black "Tobares, Leandro"]
[BlackFideId "106402"]
[WhiteElo "2509"]
[BlackElo "2292"]
[Result "1-0"]
[Round "8"]
[TimeControl "180+2"]
[Date "2023.06.20"]
[WhiteClock "0:00:30"]
[BlackClock "0:00:00"]
[Board "85"]

1. d4 Nf6 2. c4 e6 3. Nf3 c5 4. g3 d5 5. cxd5 exd5 6. Bg2 Nc6 7. O-O Be7 8. Nc3 O-O 9. Bg5 cxd4 10. Nxd4 h6 11. Bf4 Bg4 12. h3 Be6 13. Qa4 Qb6 14. Ndb5 Rac8 15. Be3 d4 16. Nxd4 Qxb2 17. Nxe6 fxe6 18. Rfc1 Qa3 19. Qb3 Qxb3 20. axb3 a6 21. Ne4 Nxe4 22. Bxe4 Bf6 23. Ra2 Nb4 24. Rxc8 Rxc8 25. Rd2 b5 26. Rd6 Kf7 27. Bd2 a5 28. Rb6 Rc5 29. Rb7+ Be7 30. Be3 Rc8 31. Rxb5 Nc2 32. Bxc2 Rxc2 33. Rxa5 Rxe2 34. Ra7 Rc2 35. b4 Ke8 36. b5 Rb2 37. b6 Bf6 38. b7 Bd8 39. Bf4 g5 40. b8=Q Rxb8 41. Bxb8 1-0


[Site "https://www.chess.com"]

[Event "Titled Tuesday Blitz June 20 Late 2023"]
[White "Bueno, Alfeu Junior Varela"]
[Black "Zaitsev, Alexander"]
[WhiteFideId "2108879"]
[BlackFideId "4164490"]
[WhiteElo "2175"]
[BlackElo "2373"]
[Result "0-1"]
[Round "8"]
[TimeControl "180+2"]
[Date "2023.06.20"]
[WhiteClock "0:00:00"]
[BlackClock "0:00:03"]
[Board "86"]

1. e4 c5 2. Nc3 Nc6 3. f4 g6 4. Nf3 Bg7 5. Bb5 Nd4 6. O-O a6 7. Bc4 e6 8. d3 b5 9. Bb3 Ne7 10. Nxd4 cxd4 11. Ne2 O-O 12. Ng3 f5 13. a4 Bb7 14. Bd2 Kh8 15. Bb4 Rf7 16. Qe1 Nc6 17. Bd6 Bf8 18. Bxf8 Qxf8 19. exf5 gxf5 20. Qf2 Qg7 21. axb5 axb5 22. Rxa8+ Bxa8 23. Ra1 Rf8 24. Qe2 Rg8 25. Qf2 Bb7 26. Qe2 Ne7 27. Ra7 Bc6 28. Bxe6 dxe6 29. Qxe6 Re8 30. Rc7 Bd5 31. Rxe7 Bxe6 32. Rxe8+ Bg8 33. Nxf5 Qd7 34. Re5 Be6 35. Ng3 Bd5 36. Nf5 Be6 37. Ng3 Kg8 38. Ne4 Qf7 39. Ng5 Qxf4 0-1


[Site "https://www.chess.com"]

[Event "Titled Tuesday Blitz June 20 Late 2023"]
[White "Hoffmann, Asa"]
[Black "Rios Escobar, Adan"]
[WhiteFideId "2001470"]
[BlackFideId "3403645"]
[WhiteElo "2117"]
[BlackElo "2469"]
[Result "1-0"]
[Round "8"]
[TimeControl "180+2"]
[Date "2023.06.20"]
[WhiteClock "0:00:50"]
[BlackClock "0:00:00"]
[Board "87"]

1. d4 Nf6 2. Bg5 c5 3. d5 g6 4. Nc3 Bg7 5. e4 d6 6. f4 h6 7. Bh4 Bg4 8. Be2 Bxe2 9. Qxe2 O-O 10. Nf3 a6 11. Rd1 b5 12. e5 Ne8 13. exd6 Nxd6 14. Bxe7 Qc7 15. Bxf8 Bxf8 16. O-O Nd7 17. Ne5 Re8 18. Qf3 Bg7 19. Rde1 Nxe5 20. fxe5 Bxe5 21. Nd1 c4 22. c3 Nb7 23. g3 Nc5 24. Nf2 f5 25. Re2 Rd8 26. Rfe1 Bf6 27. Re8+ Rxe8 28. Rxe8+ Kf7 29. Re2 Qd6 30. Qe3 Kg7 31. Qf3 a5 32. g4 f4 33. Kg2 Be5 34. h4 g5 35. h5 b4 36. Ne4 Qxd5 37. Nxg5 Qxf3+ 38. Nxf3 Bf6 39. cxb4 axb4 40. a3 bxa3 41. bxa3 c3 42. Ne1 Nb3 43. Nc2 Nd2 44. a4 f3+ 45. Kf2 fxe2 46. Kxe2 Nb3 47. Kd3 Be5 48. Kc4 Nd2+ 49. Kb5 1-0


[Site "https://www.chess.com"]

[Event "Titled Tuesday Blitz June 20 Late 2023"]
[White "Pan, Kevin"]
[Black "Castella Garcia, Fausto"]
[WhiteFideId "30915708"]
[BlackFideId "3501922"]
[WhiteElo "2233"]
[BlackElo "2245"]
[Result "1-0"]
[Round "8"]
[TimeControl "180+2"]
[Date "2023.06.20"]
[WhiteClock "0:00:19"]
[BlackClock "0:00:19"]
[Board "88"]

1. e4 c5 2. Nc3 Nc6 3. g3 g6 4. Bg2 Bg7 5. d3 d6 6. Be3 Nd4 7. Qd2 Qa5 8. Nge2 Nxe2 9. Kxe2 e6 10. Rhd1 Ne7 11. Kf1 Nc6 12. a3 O-O 13. Rab1 Nd4 14. b4 Qc7 15. bxc5 dxc5 16. Nb5 Nxb5 17. Rxb5 b6 18. Rbb1 Bb7 19. a4 c4 20. f4 Rfd8 21. Qe2 cxd3 22. cxd3 Ba6 23. e5 Rac8 24. Be4 Bf8 25. Rd2 Bc5 26. Rc1 Qe7 27. Bxc5 Rxc5 28. Rxc5 Qxc5 29. Kg2 Qd4 30. a5 bxa5 31. h4 h5 32. Ra2 a4 33. Qc2 Bxd3 34. Bxd3 Qxd3 35. Qxd3 Rxd3 36. Rxa4 Rd7 37. Kf3 Kf8 38. g4 Rd3+ 39. Ke4 Rh3 40. gxh5 gxh5 41. Rxa7 Rxh4 42. Kf3 Kg7 43. Kg3 Rg4+ 44. Kf3 Rg1 45. Kf2 Rb1 46. f5 exf5 47. e6 Rb6 48. Rxf7+ Kg6 49. Re7 Kf6 50. Rh7 Kxe6 51. Rh6+ Ke5 52. Rxb6 1-0


[Site "https://www.chess.com"]

[Event "Titled Tuesday Blitz June 20 Late 2023"]
[White "Krishnakumar, Sriram"]
[Black "Prieto Aranguren, Alain"]
[WhiteFideId "30915856"]
[BlackFideId "2268906"]
[WhiteElo "2455"]
[BlackElo "2209"]
[Result "1-0"]
[Round "8"]
[TimeControl "180+2"]
[Date "2023.06.20"]
[WhiteClock "0:00:57"]
[BlackClock "0:00:04"]
[Board "89"]

1. e4 c6 2. d4 d5 3. e5 Bf5 4. h4 h5 5. Bd3 Bxd3 6. Qxd3 e6 7. Bg5 Qb6 8. Nd2 c5 9. Ngf3 Nc6 10. c4 cxd4 11. cxd5 Nb4 12. Qc4 exd5 13. Qb3 Qa6 14. Nxd4 Nd3+ 15. Kf1 Nxe5+ 16. Kg1 Nc4 17. Nb5 Nxd2 18. Bxd2 O-O-O 19. Rc1+ Kd7 20. Qxd5+ Ke8 21. Nc7+ Ke7 22. Re1+ 1-0


[Site "https://www.chess.com"]

[Event "Titled Tuesday Blitz June 20 Late 2023"]
[White "Balla, Tamas-Kristof"]
[Black "Gerbelli Neto, Eduardo"]
[WhiteFideId "1208497"]
[BlackFideId "2103281"]
[WhiteElo "2334"]
[BlackElo "2178"]
[Result "1-0"]
[Round "8"]
[TimeControl "180+2"]
[Date "2023.06.20"]
[WhiteClock "0:00:26"]
[BlackClock "0:00:15"]
[Board "90"]

1. e4 e5 2. Nf3 Nc6 3. Bc4 Nf6 4. Ng5 d5 5. exd5 Nd4 6. c3 b5 7. Bf1 Nxd5 8. cxd4 Qxg5 9. Bxb5+ Kd8 10. O-O Bb7 11. Qf3 Rb8 12. Qg3 Qxg3 13. hxg3 exd4 14. d3 Bd6 15. Nd2 Nf6 16. Nc4 Bxg2 17. Kxg2 Rxb5 18. Nxd6 cxd6 19. b3 Nd5 20. Bb2 Nc3 21. Rac1 Rc5 22. Rfe1 Kd7 23. Rh1 h6 24. Rh4 Ne2 25. Rxc5 dxc5 26. Re4 Nc3 27. Bxc3 dxc3 28. Rc4 Kd6 29. Rxc3 Re8 30. Rc4 Re2 31. Ra4 Re7 32. Kf3 Kd5 33. Ra6 Kd4 34. Rc6 Rd7 35. Rc8 Re7 36. Rc6 Rd7 37. Ke2 Re7+ 38. Kd2 f5 39. Rd6+ Ke5 40. Rd8 Rc7 41. Re8+ Kf6 42. Re3 g5 43. Re8 h5 44. Rh8 Kg6 45. Ke3 Re7+ 46. Kf3 Rd7 47. Ke3 Re7+ 48. Kd2 Rd7 49. a3 Rb7 50. Kc3 Rd7 51. b4 cxb4+ 52. axb4 Rc7+ 53. Kd2 Rd7 54. Ke3 Re7+ 55. Kd4 Rd7+ 56. Kc4 Rb7 57. d4 f4 58. gxf4 gxf4 59. d5 Rd7 60. Kc5 Kg5 61. Kc6 Rf7 62. d6 Kg4 63. d7 Rxd7 64. Kxd7 Kf3 65. Rxh5 Kxf2 66. Kc7 Ke3 67. Kb7 f3 68. Rf5 f2 69. Rxf2 Kxf2 70. Kxa7 1-0


[Site "https://www.chess.com"]

[Event "Titled Tuesday Blitz June 20 Late 2023"]
[White "Francisco_Ferrari"]
[Black "Kielinkei"]
[WhiteElo "2269"]
[BlackElo "2448"]
[Result "0-1"]
[Round "8"]
[TimeControl "180+2"]
[Date "2023.06.20"]
[WhiteClock "0:00:00"]
[BlackClock "0:00:17"]
[Board "91"]

1. e4 c5 2. Nf3 Nc6 3. Nc3 g6 4. Bb5 Bg7 5. Bxc6 dxc6 6. O-O e5 7. d3 Ne7 8. Be3 b6 9. a4 a5 10. Nd2 O-O 11. Nc4 Be6 12. b3 h6 13. Qd2 Kh7 14. Rae1 Rb8 15. f4 exf4 16. Bxf4 Rb7 17. Ne2 b5 18. axb5 cxb5 19. Nd6 Rb6 20. e5 Nc6 21. Ng3 Nxe5 22. Bxe5 Bxe5 23. Rxe5 Qxd6 24. Rfe1 a4 25. bxa4 bxa4 26. Kh1 a3 27. Qc3 Ra6 28. Ne4 Qd4 29. Qxc5 Qxc5 30. Nxc5 Ra5 31. Nxe6 Rfa8 32. Rxa5 Rxa5 33. Nd4 a2 34. Nb3 Rf5 35. Ra1 Rf2 36. c4 Rb2 37. Nd2 Rxd2 38. Kg1 Rb2 39. c5 Rb1+ 0-1


[Site "https://www.chess.com"]

[Event "Titled Tuesday Blitz June 20 Late 2023"]
[White "Kaplan, Avi Harrison"]
[Black "Rodriguez Polo, Mateo"]
[WhiteFideId "30934559"]
[BlackFideId "24509396"]
[WhiteElo "1983"]
[BlackElo "2117"]
[Result "0-1"]
[Round "8"]
[TimeControl "180+2"]
[Date "2023.06.20"]
[WhiteClock "0:00:03"]
[BlackClock "0:00:05"]
[Board "92"]

1. b3 d5 2. Bb2 Nf6 3. e3 e6 4. f4 c5 5. Nf3 Nc6 6. Bb5 Bd7 7. O-O Be7 8. d3 O-O 9. Nbd2 Rc8 10. Bxc6 Bxc6 11. Ne5 Nd7 12. Qg4 g6 13. Rf3 f5 14. Qh3 Nxe5 15. Bxe5 Bf6 16. Qh6 Bxe5 17. fxe5 d4 18. Rh3 Rc7 19. Nc4 Qd5 20. Rg3 dxe3 21. Re1 b5 22. Nxe3 Qxe5 23. Rf1 f4 24. Ng4 Qd4+ 25. Kh1 Rcf7 26. Rh3 Qg7 27. Ne5 Qxe5 28. Qh4 Qg7 29. Qg4 f3 30. gxf3 Qf6 31. Kg2 Qf5 32. Kg3 Qxg4+ 33. Kxg4 Rf4+ 34. Kg5 Kg7 35. Rxh7+ Kxh7 36. Re1 R8f5# 0-1


[Site "https://www.chess.com"]

[Event "Titled Tuesday Blitz June 20 Late 2023"]
[White "Rodriguez Santiago, Jaime"]
[Black "Doknjas, Neil"]
[WhiteFideId "3100898"]
[BlackFideId "2617587"]
[WhiteElo "2025"]
[BlackElo "2152"]
[Result "0-1"]
[Round "8"]
[TimeControl "180+2"]
[Date "2023.06.20"]
[WhiteClock "0:00:45"]
[BlackClock "0:00:09"]
[Board "93"]

1. c4 e6 2. Nf3 d5 3. g3 Nf6 4. Bg2 Be7 5. d4 O-O 6. O-O dxc4 7. Na3 Bxa3 8. bxa3 c5 9. Bb2 Nd5 10. Qc2 cxd4 11. Qxc4 Nb6 12. Qxd4 Qxd4 13. Nxd4 Na4 14. Rab1 Nxb2 15. Rxb2 e5 16. Nc2 Nc6 17. Nb4 Bd7 18. Rd1 Rfd8 19. Nd5 Rab8 20. Rbd2 Be6 21. Ne7+ Kf8 22. Nxc6 Rxd2 23. Rxd2 bxc6 24. Bxc6 Bh3 25. f3 Rb1+ 26. Kf2 Rh1 27. Ke3 Rxh2 28. g4 h5 29. gxh5 Be6 30. Rd8+ Ke7 31. Ra8 Bc4 32. Rxa7+ Kd6 33. Be8 Rxe2# 0-1


[Site "https://www.chess.com"]

[Event "Titled Tuesday Blitz June 20 Late 2023"]
[White "Cluke86"]
[Black "Gabdushev, Ruslan"]
[BlackFideId "4137833"]
[WhiteElo "2266"]
[BlackElo "2233"]
[Result "1-0"]
[Round "8"]
[TimeControl "180+2"]
[Date "2023.06.20"]
[WhiteClock "0:00:14"]
[BlackClock "0:00:00"]
[Board "94"]

1. e4 Nc6 2. d4 d5 3. e5 Bf5 4. c3 Qd7 5. Bd3 h5 6. b4 f6 7. f4 g5 8. Nf3 gxf4 9. Bxf4 O-O-O 10. Qc2 Bxd3 11. Qxd3 Bh6 12. Bxh6 Rxh6 13. Nbd2 fxe5 14. dxe5 Qg4 15. O-O e6 16. Nb3 Nge7 17. b5 Rg8 18. Rf2 Nd8 19. Nbd4 Rhg6 20. a4 Rf8 21. Kh1 Nf5 22. a5 Nxd4 23. cxd4 Qe4 24. Qc3 h4 25. Rc1 Rg7 26. Ng5 Rxf2 27. Nxe4 dxe4 28. b6 axb6 29. axb6 Nc6 30. Qh3 Nxd4 31. Qxh4 Rfxg2 32. Qh8+ Rg8 33. Qh3 c6 34. Qxg2 Rxg2 35. Kxg2 e3 36. h4 Nf5 37. h5 Kd7 38. Kf3 Ke7 39. Rh1 Kf7 40. Rg1 c5 41. Rc1 1-0


[Site "https://www.chess.com"]

[Event "Titled Tuesday Blitz June 20 Late 2023"]
[White "Kostiukov, Alexandr"]
[Black "Fiedorek, Michal"]
[WhiteFideId "14108100"]
[BlackFideId "1199528"]
[WhiteElo "2202"]
[BlackElo "2135"]
[Result "0-1"]
[Round "8"]
[TimeControl "180+2"]
[Date "2023.06.20"]
[WhiteClock "0:00:00"]
[BlackClock "0:00:02"]
[Board "95"]

1. g3 h5 2. Nf3 d6 3. d4 Nf6 4. Bg2 Bg4 5. c4 Nc6 6. h3 Bf5 7. Nc3 Qd7 8. Ng5 e5 9. dxe5 dxe5 10. Qxd7+ Bxd7 11. O-O Bc5 12. Nce4 Nxe4 13. Nxe4 Be7 14. Nc3 O-O 15. Nd5 Bd6 16. Rd1 Nd4 17. Kf1 Bf5 18. Ne3 Bc8 19. b3 c6 20. Bb2 Be6 21. Rd2 a5 22. Rad1 Bc5 23. Nc2 Nxc2 24. Rxc2 a4 25. Bxe5 axb3 26. axb3 Ra3 27. Rb1 Rfa8 28. h4 Bf5 29. e4 Be6 30. Bf3 g6 31. Be2 Ra2 32. Rxa2 Rxa2 33. Rb2 Bh3+ 34. Kg1 Ra1+ 35. Kh2 Be6 36. f4 Re1 37. Rd2 Bb6 38. Bc3 Rc1 39. Bf6 Ba5 40. Ra2 b6 41. b4 Bxb4 42. Ra8+ Bf8 43. Be7 Rc2 44. Bxf8 Rxe2+ 45. Kg1 f5 46. e5 Bxc4 47. Bc5+ Kf7 48. Bxb6 Bd5 49. Ra7+ Ke8 50. Bc5 Rg2+ 51. Kf1 Rxg3 52. Ke2 Rg2+ 53. Ke3 Rg3+ 54. Kd4 Rg4 55. e6 Rxf4+ 56. Ke5 Re4+ 57. Kf6 Rxe6+ 58. Kg5 Re4 59. Rg7 f4 60. Rxg6 f3 61. Rf6 Rc4 0-1


[Site "https://www.chess.com"]

[Event "Titled Tuesday Blitz June 20 Late 2023"]
[White "rionelG"]
[Black "Ai, Evan"]
[BlackFideId "2094770"]
[WhiteElo "2262"]
[BlackElo "1963"]
[Result "1-0"]
[Round "8"]
[TimeControl "180+2"]
[Date "2023.06.20"]
[WhiteClock "0:00:06"]
[BlackClock "0:00:04"]
[Board "96"]

1. e4 e5 2. Nf3 Nc6 3. d4 exd4 4. Nxd4 Bc5 5. Nxc6 dxc6 6. Qxd8+ Kxd8 7. Bd3 Be6 8. O-O Ke7 9. Nc3 b5 10. Bd2 Nf6 11. h3 h6 12. Rfe1 g5 13. Be3 Nd7 14. Nd1 Rhg8 15. c3 Bxe3 16. Nxe3 Ne5 17. Bc2 Rad8 18. a3 Rd2 19. Rad1 Rgd8 20. Rxd2 Rxd2 21. Rd1 Rxd1+ 22. Nxd1 a5 23. Ne3 a4 24. f3 Ng6 25. Kf2 Nf4 26. Ng4 h5 27. Ne5 Kd6 28. Nd3 Ng6 29. Ke3 c5 30. f4 Nh4 31. g3 Ng2+ 32. Kf2 Bxh3 33. fxg5 h4 34. gxh4 c4 35. e5+ Ke6 36. Kg3 cxd3 37. Bxd3 Kxe5 38. Bxb5 Nf4 39. Bxa4 Be6 40. Bc2 Nh5+ 41. Kf3 Bf5 42. Bxf5 Kxf5 43. a4 Nf4 44. a5 Nd3 45. b4 Ne5+ 46. Ke3 Nd7 47. c4 c6 48. b5 Nb8 49. a6 c5 50. a7 Nd7 51. a8=Q Ne5 52. Qd5 f6 53. gxf6 Kxf6 54. Ke4 Nf7 55. Qxc5 Ng5+ 56. Qxg5+ 1-0


[Site "https://www.chess.com"]

[Event "Titled Tuesday Blitz June 20 Late 2023"]
[White "Carrasco Miranda, Andres"]
[Black "Florianovitz, Derlei Alex"]
[WhiteFideId "3405990"]
[BlackFideId "2114178"]
[WhiteElo "2183"]
[BlackElo "1953"]
[Result "1-0"]
[Round "8"]
[TimeControl "180+2"]
[Date "2023.06.20"]
[WhiteClock "0:01:02"]
[BlackClock "0:00:00"]
[Board "97"]

1. d4 Nf6 2. c4 e6 3. g3 d5 4. Bg2 c6 5. Nf3 Be7 6. O-O O-O 7. Nbd2 Nbd7 8. Qc2 b6 9. e4 dxe4 10. Nxe4 Nxe4 11. Qxe4 Bb7 12. Rd1 Nf6 13. Qc2 Qc7 14. Bf4 Bd6 15. Bxd6 Qxd6 16. c5 Qd8 17. Ne5 Nd5 18. Be4 f5 19. Bg2 Rc8 20. a3 Qe7 21. Re1 bxc5 22. Qxc5 Qxc5 23. dxc5 f4 24. Nc4 Rf6 25. Nd6 Rb8 26. b4 Ba6 27. Re5 fxg3 28. hxg3 Rbf8 29. Ne4 Rf5 30. Rxf5 exf5 31. Nd6 Nc3 32. Bxc6 Bd3 33. Re1 f4 34. Kg2 fxg3 35. fxg3 h6 36. b5 Na4 37. b6 axb6 38. Bxa4 bxc5 39. Bb3+ Kh8 40. Bc4 Bxc4 41. Nxc4 1-0


[Site "https://www.chess.com"]

[Event "Titled Tuesday Blitz June 20 Late 2023"]
[White "Quirke, Jeffrey"]
[Black "Buchenau, Frank"]
[WhiteFideId "2013029"]
[BlackFideId "4604350"]
[WhiteElo "2228"]
[BlackElo "2157"]
[Result "0-1"]
[Round "8"]
[TimeControl "180+2"]
[Date "2023.06.20"]
[WhiteClock "0:00:10"]
[BlackClock "0:00:32"]
[Board "98"]

1. e4 e6 2. b3 c5 3. Bb2 Nc6 4. Nf3 d5 5. exd5 exd5 6. d4 Nf6 7. Be2 Bf5 8. O-O Be7 9. dxc5 Bxc5 10. Bxf6 Qxf6 11. Qxd5 Bb6 12. Nbd2 Rd8 13. Qb5 Bxc2 14. Nc4 O-O 15. Nxb6 axb6 16. Qxb6 Nd4 17. Nxd4 Qxb6 18. Nxc2 Rd2 19. Bd1 Re8 20. Na3 Qd4 21. Bf3 b6 22. Nc4 Rxf2 23. Rxf2 Qxa1+ 24. Rf1 Qd4+ 25. Kh1 b5 26. Na5 Qd2 27. Nc6 Re1 0-1


[Site "https://www.chess.com"]

[Event "Titled Tuesday Blitz June 20 Late 2023"]
[White "Ionescu, Mihai"]
[Black "Gardezi, Arsal"]
[WhiteFideId "1202499"]
[BlackFideId "30949521"]
[WhiteElo "2279"]
[BlackElo "1906"]
[Result "1-0"]
[Round "8"]
[TimeControl "180+2"]
[Date "2023.06.20"]
[WhiteClock "0:00:20"]
[BlackClock "0:00:18"]
[Board "99"]

1. Nf3 Nf6 2. d4 d5 3. c4 c6 4. e3 e6 5. Bd3 c5 6. O-O Nc6 7. Nc3 Be7 8. cxd5 exd5 9. dxc5 Bxc5 10. b3 O-O 11. Bb2 Bg4 12. Be2 Bxf3 13. Bxf3 d4 14. exd4 Nxd4 15. Bxb7 Rb8 16. Bf3 Qa5 17. Na4 Rfd8 18. Nxc5 Qxc5 19. Rc1 Qe5 20. Bxd4 Rxd4 21. Qe2 Qxe2 22. Bxe2 Rd2 23. Bc4 Rxa2 24. Ra1 Rxa1 25. Rxa1 Rb7 26. f3 g6 27. Kf2 Kg7 28. Ra6 Nd7 29. Bd5 Rc7 30. Rc6 Rxc6 31. Bxc6 Nc5 32. Bd5 Kf6 33. Ke3 Ke7 34. Kd4 Nd7 35. f4 f6 36. h4 h6 37. Bc6 Nb6 38. Kc5 g5 39. g3 Nc8 40. Be4 Nd6 41. Bd3 Kd7 42. Kd5 Ke7 43. b4 g4 44. f5 h5 45. Kc6 Nf7 46. Kb7 Ne5 47. Be2 Nf3 48. Kxa7 Nd4 49. Bxg4 hxg4 50. Ka6 Kd6 51. b5 Kc7 52. h5 Nxf5 53. h6 Nxh6 54. Ka7 f5 55. b6+ Kc6 56. b7 f4 57. b8=Q f3 58. Qb2 Kd5 59. Qd2+ Ke4 60. Qxh6 f2 61. Qf4+ 1-0


[Site "https://www.chess.com"]

[Event "Titled Tuesday Blitz June 20 Late 2023"]
[White "Hajiyev, Kanan"]
[Black "Slavin, Alexey"]
[WhiteFideId "13404148"]
[BlackFideId "24104388"]
[WhiteElo "2115"]
[BlackElo "2264"]
[Result "1-0"]
[Round "8"]
[TimeControl "180+2"]
[Date "2023.06.20"]
[WhiteClock "0:00:10"]
[BlackClock "0:00:04"]
[Board "100"]

1. d4 Nc6 2. e3 e5 3. d5 Nce7 4. f4 exf4 5. exf4 Ng6 6. Nf3 Bc5 7. Bd3 Nf6 8. Qe2+ Qe7 9. Qxe7+ Nxe7 10. c4 d6 11. Nc3 a6 12. h3 Bf5 13. Be2 h5 14. Bd2 Ng6 15. O-O-O O-O-O 16. Ng5 Rd7 17. Bf3 Nh4 18. Rhe1 Nxf3 19. Nxf3 Bd3 20. Be3 Bxe3+ 21. Rxe3 Bg6 22. Rde1 b6 23. Nh4 Bh7 24. Re7 Rxe7 25. Rxe7 Rf8 26. Nf3 Kd8 27. Re1 Bd3 28. b3 Re8 29. Rxe8+ Kxe8 30. Kd2 Bf1 31. Ne1 h4 32. Ke3 Nh5 33. Ne4 b5 34. Kf2 f5 35. Nxd6+ cxd6 36. Kxf1 bxc4 37. bxc4 Nxf4 38. Kf2 g5 39. Kf3 Kd7 40. Ke3 Kc7 41. Kd4 Kb6 42. Nf3 Nxg2 43. Nxg5 Nf4 44. Nf3 Nxh3 45. Nxh4 Nf4 46. Nxf5 Ne2+ 47. Kd3 Nc1+ 48. Kd4 Nxa2 49. Nxd6 Kc7 50. c5 Nb4 51. Ne8+ Kd7 52. Nf6+ Kc7 53. Kc4 Nc2 54. d6+ Kc6 55. Nd5 Na3+ 56. Kb3 Nb5 57. Kb4 Kxd5 58. d7 a5+ 59. Kxb5 Ke6 60. d8=Q 1-0


[Site "https://www.chess.com"]

[Event "Titled Tuesday Blitz June 20 Late 2023"]
[White "Kujawski, Adam"]
[Black "Bruedigam, Martin"]
[WhiteFideId "1100920"]
[BlackFideId "24608033"]
[WhiteElo "2054"]
[BlackElo "2331"]
[Result "1-0"]
[Round "8"]
[TimeControl "180+2"]
[Date "2023.06.20"]
[WhiteClock "0:00:08"]
[BlackClock "0:01:36"]
[Board "101"]

1. e4 c6 2. d4 d5 3. f3 e6 4. Nc3 b6 5. Be3 Ba6 6. Nh3 Bxf1 7. Rxf1 Nd7 8. Qd2 Qc7 9. Nf4 Ne7 10. O-O-O Ng6 11. Rfe1 Nxf4 12. Bxf4 Qb7 13. exd5 cxd5 14. Nb5 Rc8 15. Nd6+ Bxd6 16. Bxd6 Qc6 17. Ba3 f6 18. Rxe6+ Qxe6 19. Re1 Rc6 20. Rxe6+ Rxe6 21. Qf4 Kd8 22. Qf5 Rhe8 23. b3 Nb8 24. Qxd5+ Kc7 25. Qc4+ Kb7 26. d5 Re1+ 27. Kb2 Rc8 28. Qd3 Na6 29. d6 Nc5 30. Qd5+ Ka6 31. d7 Rd8 32. Bxc5 1-0


[Site "https://www.chess.com"]